 Dungeon Crawl Stone Soup version 0.24-a0-335-g06ca16a (webtiles) character file.

Game seed: 3732070064750172431

4 mhoghedin the Magician (level 1, 0/13 HPs)
             Began as a Mummy Wizard on May 19, 2019.
             Slain by a rat (2 damage)
             ... on level 1 of the Dungeon.
             The game lasted 00:02:28 (293 turns).

mhoghedin the Magician (Mummy Wizard)                Turns: 293, Time: 00:02:29

Health: 0/13       AC:  2    Str: 10    XL:     1   Next: 58%
Magic:  1/5        EV: 12    Int: 17    God:
Gold:   16         SH:  0    Dex: 10    Spells: 7/8 levels left

rFire    x . .     SeeInvis .   (no weapon)
rCold    + . .     Gourm    .   (no shield)
rNeg     + + +     Faith    .   a - +0 robe
rPois    ∞         Spirit   .   b - +0 hat
rElec    .         Reflect  .   (no cloak)
rCorr    .         Harm     .   (no gloves)
MR       .....                  (no boots)
Stlth    ++........             (no amulet)
HPRegen  0.04/turn              (no ring)
MPRegen  0.09/turn              (no ring)

@: no status effects
A: no food or potions, fire vulnerability, cold resistance 1, negative energy
resistance 3, torment resistance, unbreathing
a: no special abilities


You were on level 1 of the Dungeon.
You were not hungry.

You visited 1 branch of the dungeon, and saw 1 of its levels.

You collected 16 gold pieces.

Inventory:

Hand Weapons
 c - a +0 short sword
   (You found it on level 1 of the Dungeon)
Armour
 a - a +0 robe (worn)
 b - a +0 hat (worn)
Scrolls
 d - a scroll of remove curse {unknown}


   Skills:
 - Level 1.5 Dodging
 - Level 1.5 Stealth
 + Level 4.2 Spellcasting
 + Level 1.1 Conjurations
   Level 0.7 Summonings
   Level 0.7 Translocations


You had 7 spell levels left.
You knew the following spells:

 Your Spells              Type           Power        Failure   Level  Hunger
a - Magic Dart            Conj           #...         10%         1    N/A

Your spell library contained the following spells:

 Spells                   Type           Power        Failure   Level  Hunger
 Blink                    Tloc           N/A          17%         2    N/A
 Call Imp                 Summ           #.......     17%         2    N/A
 Slow                     Hex            #.......     24%         2    N/A
 Conjure Flame            Conj/Fire      #.......     36%         3    N/A
 Mephitic Cloud           Conj/Pois/Air  #.......     36%         3    N/A

Dungeon Overview and Level Annotations

Branches:
Dungeon (1/15)

Altars:


Innate Abilities, Weirdness & Mutations

You do not eat or drink.
Your flesh is vulnerable to fire.
You are immune to poison.
Your flesh is cold resistant. (rC+)
You are immune to negative energy. (rN+++)
You are immune to unholy pain and torment.
You can survive without breathing.


Message History

The giant cockroach bites you. The giant cockroach misses you.
You take 1 damage, and have 9/13 hp.
Aim: a giant cockroach (clinging)
The magic dart hits the giant cockroach but does no damage.
The giant cockroach misses you.
You now have 2/5 mp.
Aim: a giant cockroach (clinging)
The magic dart hits the giant cockroach but does no damage.
The giant cockroach closely misses you.
You now have 1/5 mp.
Aim: a giant cockroach (clinging)
The magic dart hits the giant cockroach.
The giant cockroach completely misses you.
You now have 0/5 mp.
You don't have enough magic to cast that spell.
The giant cockroach waves its antennae.
The giant cockroach bites you.
You take 2 damage, and have 7/13 hp.
The giant cockroach bites you but does no damage.
The giant cockroach misses you. The giant cockroach barely misses you.
The giant cockroach misses you.
The giant cockroach waves its antennae.
The giant cockroach bites you but does no damage.
The giant cockroach closely misses you.
Aim: a giant cockroach (clinging)
The magic dart hits the giant cockroach but does no damage.
The giant cockroach bites you. x2
You take 2 damage, and have 6/13 hp.
You now have 2/5 mp.
Aim: a giant cockroach (clinging)
The magic dart hits the giant cockroach but does no damage.
The giant cockroach bites you but does no damage.
You now have 1/5 mp.
Aim: a giant cockroach (clinging)
The magic dart hits the giant cockroach but does no damage.
The giant cockroach bites you.
You take 1 damage, and have 5/13 hp.
You now have 0/5 mp.
You don't have enough magic to cast that spell.
You don't have enough magic to cast that spell.
Really attack barehanded? [Y]es or [N]o only, please.
Really attack barehanded? [Y]es or [N]o only, please.
Really attack barehanded? [Y]es or [N]o only, please.
Really attack barehanded? [Y]es or [N]o only, please.
Really attack barehanded?
Okay, then.
Unknown command.
Really attack barehanded? [Y]es or [N]o only, please.
Really attack barehanded? [Y]es or [N]o only, please.
Really attack barehanded? [Y]es or [N]o only, please.
Really attack barehanded? [Y]es or [N]o only, please.
Really attack barehanded? [Y]es or [N]o only, please.
Really attack barehanded?
Okay, then.
Unknown command.
The giant cockroach barely misses you. The giant cockroach bites you.
You take 2 damage, and have 4/13 hp.
Aim: a giant cockroach (clinging)
The magic dart hits the giant cockroach.
The giant cockroach bites you but does no damage.
You now have 0/5 mp.
You don't have enough magic to cast that spell.
Really attack barehanded? [Y]es or [N]o only, please.
Really attack barehanded? [Y]es or [N]o only, please.
Really attack barehanded? [Y]es or [N]o only, please.
Really attack barehanded? [Y]es or [N]o only, please.
Really attack barehanded?
Okay, then.
Really attack barehanded?
You hit the giant cockroach but do no damage.
The giant cockroach bites you.
* * * LOW HITPOINT WARNING * * *
The giant cockroach closely misses you.
You take 2 damage, and have 2/13 hp.
You hit the giant cockroach but do no damage.
The giant cockroach closely misses you.
You hit the giant cockroach but do no damage.
The giant cockroach barely misses you.
You hit the giant cockroach but do no damage.
The giant cockroach completely misses you.
You hit the giant cockroach. The giant cockroach barely misses you.
The rat misses you.
You hit the giant cockroach.
You kill the giant cockroach!
The rat closely misses you.
You miss the goblin. The goblin barely misses you. The rat bites you.
You die...

#.###.#.#.#.##........#
######.#.#.#.#.##.#######.#
......#.#.#.#.#..##
#####g##r#.#<#.###
....#r###.#.#.#.#
###.#.##.#r#.#.#####
.....r###.#.#.#.r..
###...##.#.#.#.#r# #
###.######...g@# # #.#
####### # #.# # #.# #
#.#########
#####....g.r..##
...##.######r..##
##.##...........#
##.##.######....#


You could see a goblin and 2 rats.

Vanquished Creatures
  3 bats (D:1)
  A giant cockroach (D:1)
4 creatures vanquished.

Notes
Turn   | Place    | Note
-------+----------+-------------------------------------------
     0 | D:1      | mhoghedin the Mummy Wizard began the quest for the Orb.
     0 | D:1      | Reached XP level 1. HP: 13/13 MP: 5/5
   139 | D:1      | Reached skill level 1 in Conjurations
   287 | D:1      | HP: 2/13 [giant cockroach (2)]
   293 | D:1      | Slain by a rat

Levels and vault maps discovered:
D:1:      lightli_arrival_chessboard, layout_loops_ring, minmay_tetromino_s4

Skill      XL: |  1 |
---------------+----+-----
Conjurations   | 1 |  1.1
Dodging        | |  1.5
Stealth        | |  1.5
Spellcasting   | |  4.2
Summonings     | |  0.7
Translocations | |  0.7

Action                   || total
-------------------------++-------
Melee: Unarmed           ||     7
 Cast: Magic Dart        ||    19
Armor: Robe              ||    10
Dodge: Dodged            ||    27

Table legend:
 A = Non-vault XP
 B = Vault XP
 C = Vault XP percentage of total XP
 D = Non-vault monster count
 E = Vault monster count
 F = Vault count percentage of total count
                 A         B        C        D         E       F
            +---------+---------+-------+---------+---------+-------
      Total |       7 |       0 |   0.0 |       4 |       0 |   0.0
            +---------+---------+-------+---------+---------+-------
        D:1 |       7 |       0 |   0.0 |       4 |       0 |   0.0
            +---------+---------+-------+---------+---------+-------

Levels and vault maps discovered:
D:1:      lightli_arrival_chessboard, layout_loops_ring, minmay_tetromino_s4

Table legend:
 A = Turns spent in this place as a percentage of turns spent in the entire game.
 B = Non-inter-level travel turns spent in this place as a percentage of non-inter-level travel turns spent in the entire game.
 C = Inter-level travel turns spent in this place as a percentage of turns spent in this place.
 D = Turns resting spent in this place as a percentage of non-inter-level travel turns spent in this place.
 E = Turns spent auto-exploring this place as a percentage of non-inter-level travel turns spent in this place.
 F = Non-inter-level travel turns spent in this place divided by the number of levels of this place that you've seen.
                   A       B       C       D       E      F
               +-------+-------+-------+-------+-------+----------------------
         Total | 100.0 | 100.0 |   0.0 |  30.7 |  25.6 | 293.0
       Dungeon | 100.0 | 100.0 |   0.0 |  30.7 |  25.6 | 293.0
               +-------+-------+-------+-------+-------+----------------------

Table legend:
 A = Kills in this place as a percentage of kills in entire the game.
 B = Kills by you in this place as a percentage of kills by you in the entire game.
 C = Kills by friends in this place as a percentage of kills by friends in the entire game.
 D = Other kills in this place as a percentage of other kills in the entire game.
 E = Experience gained in this place as a percentage of experience gained in the entire game.
 F = Experience gained in this place divided by the number of levels of this place that you have seen.
                   A       B       C       D       E      F
               +-------+-------+-------+-------+-------+----------------------
         Total | 100.0 | 100.0 |   N/A |   N/A | 100.0 |   7.0
       Dungeon | 100.0 | 100.0 |   N/A |   N/A | 100.0 |   7.0
               +-------+-------+-------+-------+-------+----------------------
